AoeStats
← bullseyes

African Clearing

506173805Analyzed
4v4 RM · 19d ago on Sep 12, 2026· 45m 38s· 8 players
Game mode
Random Map
Map size
Large (8 player)
Population
200
Speed
Normal
Resources
Standard
Victory
Conquest
Starting age
Dark Age
Ending age
Imperial Age
RankedLock teamsTeams togetherTeam positionsShared explorationLock speedFull tech treeHidden civsTurbo modeCheats
Victory
Defeat
1664
+13
🇨🇳 Japanese · China
1662
+13
🇨🇳 Huns · China
1652
+13
🇨🇳 Magyars · China
1624
+15
🇦🇷 Italians · Argentina
1677
-16
🇺🇸 Magyars · United States
1627
-15
🇧🇪 Wei · Belgium
1596
-14
🇻🇳 Mongols · Vietnam
1487
-9
LUCKY
5:27 Loom
13:01 Feudal Age
13:57 Double-Bit Axe
17:05 Castle Age
16:03 Horse Collar
18:06 Bow Saw
18:13 Town Watch
19:06 Heavy Plow
23:22 Wheelbarrow
23:34 Stone Mining
25:46 Gold Mining
27:50 Gold Shaft Mining
27:54 Fletching
28:31 Hand Cart
34:35 Imperial Age
32:16 Scale Barding Armor
32:22 Forging
34:57 Chain Barding Armor
35:22 Marauders
34:43 Elite Tarkan
35:44 Conscription
36:34 Bloodlines
36:25 Husbandry
38:22 Plate Barding Armor
40:11 Iron Casting
40:09 Coinage
42:03 Blast Furnace
42:31 Banking
43:08 Two-Man Saw
45:07 Light Cavalry
经典不变的回忆 | memory
10:07 Loom
13:35 Feudal Age
17:19 Castle Age
15:11 Double-Bit Axe
15:52 Stone Mining
22:37 Horse Collar
25:19 Town Watch
29:09 Fletching
32:59 Husbandry
33:49 Bodkin Arrow
34:15 Bow Saw
35:25 Ballistics
35:23 Bloodlines
35:40 Gold Mining
39:35 Gold Shaft Mining
41:25 Wheelbarrow
45:08 Imperial Age
42:51 Padded Archer Armor
43:55 Leather Archer Armor
45:44 Stone Shaft Mining
46:22 Conscription
45:22 Elite Mangudai
46:04 Bracer
新竹
6:28 Loom
12:11 Feudal Age
12:26 Man-at-Arms
16:31 Fletching
32:26 Castle Age
30:33 Double-Bit Axe
33:18 Bow Saw
37:33 Town Watch
41:57 Wheelbarrow
44:49 Horse Collar
45:02 Gold Mining
45:04 Stone Mining
46:22 Hand Cart
小胖子
11:50 Feudal Age
12:28 Loom
13:16 Double-Bit Axe
14:14 Horse Collar
22:14 Castle Age
21:44 Scale Barding Armor
26:57 Bow Saw
26:47 Heavy Plow
30:14 Bloodlines
31:50 Chain Barding Armor
32:20 Husbandry
35:26 Wheelbarrow
39:20 Imperial Age
36:46 Fletching
37:27 Bodkin Arrow
38:58 Padded Archer Armor
39:20 Ballistics
40:11 Leather Archer Armor
40:01 Bracer
41:02 Chemistry
39:24 Heavy Cavalry Archer
40:30 Parthian Tactics
40:52 Leather Archer Armor
41:05 Thumb Ring
41:56 Conscription
42:36 Ring Archer Armor
42:46 Recurve Bow
44:28 Gold Mining
44:28 Stone Mining
45:23 Coinage
45:11 Hand Cart
44:41 Town Watch
46:35 Banking
deev
9:12 Loom
11:06 Feudal Age
12:28 Double-Bit Axe
15:51 Scale Barding Armor
18:15 Town Watch
23:39 Castle Age
23:01 Bloodlines
24:04 Light Cavalry
25:32 Husbandry
27:25 Bow Saw
29:21 Horse Collar
31:04 Chain Barding Armor
36:05 Wheelbarrow
36:33 Scale Mail Armor
35:55 Pikeman
40:55 Imperial Age
39:30 Hand Cart
39:37 Chain Mail Armor
40:24 Fletching
41:04 Halberdier
42:29 Plate Barding Armor
43:43 Bodkin Arrow
44:05 Corvinian Army
44:25 Conscription
44:50 Bracer
45:14 Ballistics
45:54 Chemistry
45:05 Masonry
Asator
14:22 Feudal Age
15:20 Double-Bit Axe
15:15 Horse Collar
17:57 Castle Age
15:52 Gold Mining
17:21 Stone Mining
17:51 Loom
17:53 Town Watch
19:00 Bow Saw
20:58 Fletching
23:33 Ballistics
23:22 Bodkin Arrow
29:56 Wheelbarrow
35:56 Imperial Age
34:32 Thumb Ring
35:28 Hand Cart
36:42 Bracer
37:19 Padded Archer Armor
37:15 Elite Genoese Crossbowman
38:21 Conscription
39:47 Chemistry
39:22 Heavy Plow
40:47 Leather Archer Armor
shogun
3:31 Loom
12:46 Feudal Age
16:57 Fletching
22:33 Wheelbarrow
28:50 Castle Age
34:36 Double-Bit Axe
36:59 Bow Saw
37:28 Horse Collar
40:53 Heavy Plow
41:13 Stone Mining
42:56 Stone Shaft Mining
bullseyes
4:26 Loom
13:03 Feudal Age
14:57 Fletching
16:40 Wheelbarrow
30:59 Double-Bit Axe
30:57 Horse Collar
37:18 Castle Age
38:20 Bow Saw
39:49 Hand Cart
Connection lost

Rejoining the realm…

Still unreachable

The connection could not be restored.

Session expired

The server has moved on; the page needs a fresh start.